Unix xNetHack Version 8.0.0 - last build Jan 14 2024 16:46:22 (be4d3c81716514284228e1a23197c27ddb32b841). Game began 2024-03-09 23:28:25, ended 2024-03-10 02:35:12. Catomat, neutral female human Wizard ---- --------- |<..--- ------.......-- ------- --------------- |.....-- |%........--..| |.....| ------- |.............| --..|....|.---------|..| |.._..| |>...(| --|---|--.----|| --.|-.....---- ---- |.....| ------ --....|--- |..|...|-.|.-..| --|.........|--- ----- ---|--- |..-.-------..|..---|..|--+-..--|..| ----.|.)[.|..----...-- |.| |..|..[%).---|-.....-|--........--|| -----..|....|.....---- |.| |..|)----........--.)..............| ----- |..|.............---.-- --|.-..|-.......-|..--------|--..-- %%% --......---...........---- |[|..||...{....|--|.........|..-- ... |........|...|..........|---|@|..|--.......| |[.......(|...| -|- ------*..*-------...---...|..-|@|------....--| -----------...| ------.---...-|...-|.. --...|..---...|.--..|...|....|------ |.......-- |..|-.........-----|.. --.....|-....|.....|..---...-|..(.| |.------- |..-...............-|---+-----..-|..........-|....|-...-..(.| |.| -----.....{....----...............|...G.......|-...|...-|(((]| |.| . |..............-- --+--.---------.........--..|........|------ |.--|------- -+-----.........| |.|....| --.......----- ..|....|--------.....|....| --..------- |.-....| ---...--- .|...--......|...{..-..-|| ---- --|....| ----- --.....----........|..|.| ------ ------- --------------- Catomat the Thaumaturge St:11 Dx:12 Co:15 In:18 Wi:13 Ch:11 Neutral S:4328 Dlvl:5 $:284 HP:0(39) Pw:42(66) AC:7 Xp:7/941 T:7619 Latest messages: You feel here a cursed crossbow. You hear an animal carcass being offered in sacrifice. You hear some noises in the distance. What do you want to use or apply? [gkloqvwIT or ?*] You produce a strange whistling sound. Mewmew shifts location. What do you want to use or apply? [gkloqvwIT or ?*] You produce a strange whistling sound. Mewmew shifts location. What do you want to wield? [- dZ or ?*] Z - 8 uncursed daggers (wielded) {80}. In what direction? The spell hits the wererat! The wererat bites! In what direction? The spell hits the wererat! The wererat bites! In what direction? You kill the wererat! The magic missile hits the watchman! The watchman gets angry! "Halt! You're under arrest!" Angry guards are approaching! You are hit. In what direction? You kill the watchman! You murderer! It misses. You try to feel what is lying here on the floor. There are a few objects here. You try to feel what is lying here on the floor. There are a few objects here. You try to feel what is lying here on the floor. You feel here a cursed crossbow. You hear an animal carcass being offered in sacrifice. You try to feel what is lying here on the floor. You feel here a plastic hooded cloak. Wait! There's something there you can't see! You begin bashing monsters with your daggers. You miss it. What do you want to remove? [TX or ?*] You were wearing an uncursed towel {2}. You can see again. The watch captain swings her long sword. The watch captain rends you! The watch captain swings her long sword. The watch captain rends you! You die... Do you want your possessions identified? [ynq] (y) Do you want to see your attributes? [ynq] (y) Inventory: Inventory: 479/700 weight (23/52 slots) Coins $ - 284 gold pieces {3} Amulets X - an uncursed gold amulet of guarding (being worn) {34} Weapons d - a +3 dagger named Dagger of Legend {10} Z - 8 +0 daggers (wielded) {80} Armor B - an uncursed +0 pair of dwarvish boots {50} Q - an uncursed +0 pair of dwarvish boots {50} b - an uncursed +0 cloak of magic resistance (being worn) {8} A - an uncursed +0 dwarvish cloak {10} R - an uncursed +0 dwarvish cloak {10} Comestibles F - an uncursed food ration {20} z - an uncursed lembas wafer {5} O - an uncursed lichen corpse {20} Spellbooks q - an uncursed spellbook of detect monsters {45} I - a cursed spellbook of turn undead {40} Potions i - an uncursed potion of fruit juice {20} y - a cursed potion of gain energy {20} Rings D - an uncursed ring of see invisible {3} Wands o - a wand of magic missile (0:3) {7} v - a wand of striking (0:2) {7} Tools g - a magic marker (0:66) {2} w - an uncursed mithril magic whistle {2} l - a blessed platinum oil lamp {28} k - an uncursed skeleton key {3} T - an uncursed towel {2} Catomat the Wizard's attributes: Background: You were a Thaumaturge, a level 7 female human Wizard. You were neutral, on a mission for Thoth who was opposed by Ptah (lawful) and Anhur (chaotic). You were heterosexual. You were in the Gnomish Mines, on level 5. You entered the dungeon 7619 turns ago. It was nighttime. There was a new moon in effect when your adventure ended. You had 941 experience points, 339 more were needed to attain level 8. Your score was 4328 before end-of-game adjustments. Basics: You had 0 out of 39 hit points. You had 42 out of 66 energy points (spell power). Your armor class was 7. Your wallet contained 284 zorkmids. Autopickup was on for '$"?!=/' plus thrown. Final Characteristics: Your strength was 11 (peak:12, limit:18/100). Your dexterity was 12 (limit:18). Your constitution was 15 (limit:18). Your intelligence was 18 (limit:18). Your wisdom was 13 (limit:18). Your charisma was 11 (limit:18). Final Status: You were not hungry. You were unencumbered. You were wielding daggers. You were unskilled in dagger. Final Attributes: You were piously aligned. You were magic-protected. You had a small defense bonus (+2). You were protected. You were unlucky. You are dead. Miscellaneous: You never encountered a bones level. Total elapsed playing time was 3 hours, 6 minutes and 46 seconds. Major events: Turn 1: Catomat the neutral female human Wizard entered the dungeon 481: entered the Gnomish Mines 490: attained the rank of Conjurer (level 3) 3807: attained the rank of Thaumaturge (level 6) 4721: reached Mine Town 7619: killed by a watch captain Vanquished creatures: a small mimic a djinni a watchman a quivering blob 2 leprechauns a werewolf a bugbear a rock piercer a pony a fog cloud a yellow light 6 gnome leaders a gnomish wizard 3 giant ants 5 floating eyes 7 dwarves a giant bat a monkey 3 wererats 4 iguanas an acid blob a coyote 2 hobbits 3 large kobolds a hobgoblin a cave spider 3 yellow molds a red mold 28 gnomes a gnome zombie 4 geckos 6 jackals 4 kobolds 2 goblins 2 sewer rats 2 grid bugs 7 lichens 2 kobold zombies 2 newts 116 creatures vanquished. No species were genocided or became extinct. Voluntary challenges: You read items or engraved 21 times. You never genocided any monsters. You never polymorphed an object. You never touched an artifact. You used no wishes. You were celibate. You never generated conflict. Achievements: You entered the Gnomish Mines. You attained the rank of Conjurer. You entered a shop. You attained the rank of Thaumaturge. You entered Minetown. You entered a temple. Dungeon overview: The Dungeons of Doom: levels 1 to 6 Level 1: Level 2: "part unexpl" A fountain, some sinks. Stairs down to The Gnomish Mines. Level 3: "lk-box*2" Level 4: "spellbooks by shop" A general store, a fountain. Level 5: Many fountains, many trees. Oracle of Delphi. Level 6: The Gnomish Mines: levels 3 to 6 Level 3: Level 4: Level 5: "stash" <- You were here. Many shops, a temple to Thoth, many fountains. Final resting place for you, killed by a watch captain. Level 6: Game over: __________ / \ / REST \ / IN \ / PEACE \ / \ | Catomat | | 284 Au | | killed by a | | watch captain | | | | | | 2024 | *| * * * | * _________)/\\_//(\/(/\)/\//\/|_)_______ Goodbye Catomat the Wizard... You died in The Gnomish Mines on dungeon level 5 with 4300 points, and 284 pieces of gold, after 7619 moves. You were level 7 with a maximum of 39 hit points when you died.